 Dungeon Crawl Stone Soup version 0.16.2-12-gd0ad4c3 (webtiles) character file.

6445 dearth the Basher (level 10, -2/90 HPs)
             Began as a Minotaur Fighter on Sept 25, 2015.
             Was a Priest of Okawaru.
             Slain by an orc warrior (11 damage)
             ... in a bailey.
             The game lasted 00:28:08 (9950 turns).

dearth the Basher (Minotaur Fighter)                Turns: 9950, Time: 00:28:08

Health: -2/90      AC: 11    Str: 24    XL:     10   Next: 67%
Magic:  11/11      EV:  9    Int:  5    God:    Okawaru [***...]
Gold:   591        SH: 12    Dex: 10    Spells: 0 memorised, 9 levels left

rFire  + . .     SeeInvis .     D - +1 morningstar (crush)
rCold  . . .     Clarity  .     b - +0 scale mail
rNeg   + . .     SustAb   .     c - +0 shield
rPois  .         Gourm    .     (helmet restricted)
rElec  .         Spirit   .     (no cloak)
rCorr  .         Warding  +     (no gloves)
rMut   .         Stasis   .     G - +2 pair of boots
MR     +....                    R - amulet of warding
Stlth  ..........               o - ring of protection from magic
                                H - ring of protection from fire

@: somewhat resistant to hostile enchantments, extremely unstealthy
A: retaliatory headbutt, horns 2
a: Heroism, Renounce Religion


You were in a bailey.
You worshipped Okawaru.
Okawaru was most pleased with you.
You were very hungry.

You visited 2 branches of the dungeon, and saw 11 of its levels.
You also visited: Bailey.

You collected 591 gold pieces.

Inventory:

Hand weapons
 D - a +1 morningstar of crushing (weapon)
Armour
 b - a +0 scale mail (worn)
 c - a +0 shield (worn)
 G - a +2 pair of boots (worn)
Jewellery
 o - a ring of protection from magic (right hand)
 q - an uncursed amulet of resist mutation
 y - an uncursed ring of positive energy
 H - a ring of protection from fire (left hand)
 L - an uncursed ring of see invisible
 R - an amulet of warding (around neck)
Magical devices
 u - a wand of flame (29)
 v - a wand of teleportation (1)
 E - a wand of draining (4)
 J - a wand of lightning (6)
 M - a wand of confusion (20)
 Q - a wand of polymorph (10)
 S - a wand of lightning (6)
Scrolls
 g - 10 scrolls of identify
 j - 3 scrolls of remove curse
 n - 2 scrolls of fear
 p - 5 scrolls of teleportation
 x - 2 scrolls of random uselessness {unknown}
 A - 4 scrolls of immolation {unknown}
 B - 2 scrolls of amnesia {unknown}
 F - 2 scrolls of blinking {unknown}
 P - a scroll of enchant armour {unknown}
Potions
 a - a potion of might
 e - a potion of berserk rage {unknown}
 f - 2 potions of mutation {unknown}
 i - 3 potions of magic {unknown}
 k - 3 potions of brilliance {unknown}
 l - a potion of cancellation {unknown}
 s - 2 potions of degeneration {unknown}
 z - 2 potions of haste {unknown}
 C - a potion of cure mutation {unknown}
 I - a potion of agility {unknown}
 K - a potion of lignification {unknown}
 O - a potion of poison {unknown}
Books
 m - a Grand Grimoire {highlevel, unknown}

   This book is beyond your current level of understanding.

   Spells                             Type                      Level
   a - Aura of Abjuration             Summoning                    6
   b - Summon Greater Demon           Summoning                    7
   c - Malign Gateway                 Summoning/Translocation      7
   d - Summon Horrible Things         Summoning                    8
Comestibles
 d - 5 bread rations
 h - 4 meat rations
 w - 8 slices of pizza


   Skills:
 + Level 8.9 Fighting
 * Level 11.4 Maces & Flails
 + Level 8.4 Armour
 + Level 1.5 Dodging
 + Level 9.5 Shields
 + Level 3.1 Invocations
 + Level 4.4 Evocations


You had 9 spell levels left.
You didn't know any spells.

Dungeon Overview and Level Annotations

Branches:
Dungeon (10/15)            Temple (1/1) D:4            Lair (0/8) D:9
    Orc: D:9-12

Altars:
Ashenzari
Cheibriados
Dithmenos
Elyvilon
Fedhas
Gozag
Kikubaaqudgha
Makhleb
Nemelex Xobeh
Okawaru
Qazlal
Ru
Sif Muna
Trog
Vehumet
Xom
Yredelemnul
Zin
The Shining One

Annotations:
D:7 Sigmund


Innate Abilities, Weirdness & Mutations

You reflexively headbutt those who attack you in melee.
You have a pair of horns on your head.


Message History

The bolt barely misses you.
The orc warrior shoots a bolt.
You block the bolt.
The orc warrior hits you but does no damage.
The orc shoots a bolt.
The bolt hits you!
* * * LOW HITPOINT WARNING * * *
You see here 2 bolts.
The orc warrior closely misses you. You furiously retaliate!
You headbutt the orc warrior!
The orc warrior wields an uncursed arbalest.
The orc warrior shoots a bolt.
The bolt hits you!
* * * LOW HITPOINT WARNING * * *
You see here a bolt.
The orc warrior shoots a bolt.
You block the bolt.
You see here a bolt.
You sock the orc warrior!
The orc warrior is almost dead.
The orc shoots a bolt.
The bolt hits you but does no damage.
The orc warrior unwields an uncursed arbalest.
The orc warrior hits you!
You die...

o≈o......(....... .^ o
##≈...............≈##o##
.#≈≈...............≈≈#o#≈
≈≈≈≈...o...()........≈≈≈≈≈
..........(.(.............
.........(..(.............
.............(.............
........(o(..(.............
..........@.....(........(.
.........((..((.(..........
##########################


You could see an orc warrior and an orc.

Vanquished Creatures
  A troll (D:9)
  Prince Ribbit (D:8)
  A two-headed ogre (D:9)
  2 yaks (D:7)
  A hungry ghost (D:8)
  Grum (D:8)
  A human (D:7)
  3 wolves (D:8)
  Edmund (D:7)
  A sky beast (D:6)
  2 black bears
  A necrophage (D:7)
  An ice beast (D:6)
  3 orc warriors
  6 ogres
  3 phantoms
  5 centaurs
  The ghost of Typee the Magician, an average DsWz (D:3)
  2 wyvern zombies
  4 giant frogs
  3 scorpions
  16 wights
  4 crimson imps
  A giant frog zombie (D:8)
  A centaur zombie (D:8)
  A quasit (D:7)
  A centaur skeleton (D:8)
  An iron imp (D:3)
  5 goliath beetles
  3 hounds
  A jelly (D:8)
  A giant frog skeleton (D:8)
  7 orc wizards
  4 iguanas
  4 worker ants
  Natasha (thrice) (D:4)
  2 sheep (D:7)
  2 hound skeletons (D:4)
  A worker ant zombie (D:5)
  11 adders
  3 gnolls (D:4)
  3 shadow imps
  3 giant mites
  A white imp (D:4)
  5 worms
  2 oozes
  34 orcs
  A bat skeleton (D:6)
  2 bat zombies
  4 giant cockroaches
  15 hobgoblins
  5 jackals
  13 kobolds
  5 quokkas
  18 bats
  7 giant geckos
  2 giant gecko skeletons (D:6)
  A giant gecko zombie (D:9)
  10 giant newts
  A giant spore (D:7)
  12 goblins
  4 quokka skeletons
  14 rats
  12 ballistomycetes
290 creatures vanquished.

Vanquished Creatures (others)
  2 giant spores
2 creatures vanquished.

Grand Total: 292 creatures vanquished

Notes
Turn   | Place    | Note
--------------------------------------------------------------
     0 | D:1      | dearth, the Minotaur Fighter, began the quest for the Orb.
     0 | D:1      | Reached XP level 1. HP: 19/19 MP: 1/1
    70 | D:1      | Reached skill level 4 in Armour
    87 | D:1      | Reached XP level 2. HP: 25/27 MP: 1/1
   489 | D:2      | Reached XP level 3. HP: 30/33 MP: 2/2
  1050 | D:3      | Noticed a centaur
  1072 | D:3      | Killed a centaur
  1072 | D:3      | Reached XP level 4. HP: 25/40 MP: 2/2
  1072 | D:3      | Reached XP level 5. HP: 28/46 MP: 2/2
  1256 | D:3      | Found a snail-covered altar of Cheibriados.
  1398 | D:3      | Noticed Typee's ghost (average DsWz)
  1431 | D:3      | Killed Typee's ghost
  1431 | D:3      | Reached skill level 5 in Shields
  1460 | D:3      | Reached skill level 5 in Maces & Flails
  1485 | D:3      | Reached XP level 6. HP: 45/53 MP: 3/3
  1879 | D:4      | Reached skill level 5 in Armour
  2004 | D:4      | Found a staircase to the Ecumenical Temple.
  2029 | Temple   | Entered the Ecumenical Temple
  2238 | D:4      | Reached skill level 5 in Fighting
  2470 | D:4      | Reached skill level 6 in Maces & Flails
  2470 | D:4      | Reached XP level 7. HP: 61/61 MP: 3/3
  2528 | D:4      | Noticed Natasha
  2717 | D:4      | Killed Natasha
  3130 | D:4      | Found a shadowy altar of Dithmenos.
  3217 | D:4      | Noticed Natasha
  3224 | D:4      | Killed Natasha
  3250 | D:4      | Noticed Natasha
  3254 | D:4      | Killed Natasha
  3268 | D:4      | Reached skill level 7 in Maces & Flails
  3417 | D:4      | Reached XP level 8. HP: 64/70 MP: 3/3
  3500 | D:5      | Entered Level 5 of the Dungeon
  3872 | D:5      | Reached skill level 1 in Evocations
  4269 | D:6      | Reached skill level 8 in Maces & Flails
  4458 | D:6      | Found a shattered altar of Ashenzari.
  4950 | D:6      | Reached XP level 9. HP: 70/78 MP: 8/8
  5613 | D:7      | Noticed Sigmund
  5624 | D:7      | Reached skill level 9 in Maces & Flails
  6439 | D:7      | Noticed Edmund
  6449 | D:7      | Killed Edmund
  6581 | D:7      | Found a stormy altar of Qazlal.
  6586 | D:7      | Found a radiant altar of Vehumet.
  6588 | D:7      | Found a sparkling altar of Nemelex Xobeh.
  6589 | D:7      | Found a glowing silver altar of Zin.
  6590 | D:7      | Found an iron altar of Okawaru.
  6591 | D:7      | Found a burning altar of Makhleb.
  6598 | D:7      | Became a worshipper of Warmaster Okawaru
  6840 | D:7      | Reached skill level 10 in Maces & Flails
  7046 | D:7      | Reached skill level 1 in Invocations
  7529 | D:8      | Reached XP level 10. HP: 36/88 MP: 10/10
  7550 | D:8      | Acquired Okawaru's first power
  7951 | D:8      | Found a shimmering altar of Xom.
  7953 | D:8      | Noticed Prince Ribbit
  8015 | D:8      | Found an ancient bone altar of Kikubaaqudgha.
  8101 | D:8      | Killed Prince Ribbit
  8198 | D:8      | Noticed a moth of wrath
  8201 | D:8      | Found a bloodstained altar of Trog.
  8340 | D:8      | Noticed Grum
  8342 | D:8      | Reached skill level 11 in Maces & Flails
  8349 | D:8      | Killed Grum
  8513 | D:9      | Found a staircase to the Lair.
  8943 | D:9      | Reached skill level 1 in Dodging
  9765 | D:10     | Entered Level 10 of the Dungeon
  9805 | D:10     | Found a flagged portal.
  9820 | Bailey   | Entered a bailey
  9950 | Bailey   | Slain by an orc warrior

Action                   |  1- 3 |  4- 6 |  7- 9 | 10-12 || total
-------------------------+-------+-------+-------+-------++-------
Melee: Flail             |    65 |       |       |       ||    65
       Mace              |    61 |   144 |   128 |       ||   333
       Morningstar       |       |       |   279 |   216 ||   495
  Use: Potion            |       |       |     1 |       ||     1
       Scroll            |       |       |       |     6 ||     6
  Eat: Chunk             |       |     2 |     3 |     1 ||     6
       Meat ration       |       |     1 |       |       ||     1
       Pizza             |       |     1 |       |       ||     1
       Beef jerky        |       |       |     3 |     1 ||     4
       Royal jelly       |       |       |     2 |     1 ||     3
       Bread ration      |       |       |     1 |       ||     1
